 Dungeon Crawl Stone Soup version 0.19-a0-1732-g0b18a7b (webtiles) character file.

183594 Amnesiac the Unseen (level 17, 0/104 HPs)
             Began as a Deep Elf Earth Elementalist on Sept 30, 2016.
             Was the Champion of Dithmenos.
             Killed by a malign offering
             ... invoked by a deep elf high priest
              (20 damage)
             ... on level 3 of the Elven Halls.
             The game lasted 02:08:31 (41454 turns).

Amnesiac the Unseen (Deep Elf Earth Elementalist)  Turns: 41454, Time: 02:08:32

Health: 0/104      AC: 10    Str: 12    XL:     17   Next: 75%
Magic:  0/34       EV: 28    Int: 26    God:    Dithmenos [******]
Gold:   1763       SH:  6    Dex: 20    Spells: 16 memorised, 6 levels left

rFire  + . .     SeeInvis .     k - +2 dagger (speed)
rCold  . . .     Gourm    .     Z - +2 robe {Archmagi}
rNeg   . . .     Faith    .     w - +0 buckler
rPois  .         Spirit   +     V - +2 hat
rElec  .         Dismiss  .     q - +0 cloak
rCorr  .         Reflect  .     J - +2 pair of gloves
MR     ++++.     Harm     .     H - +0 pair of boots
Stlth  ++++++++++               r - amulet "Pounas" {Spirit Fragile +Blink MR+++ Stlth+}
                                z - +3 ring of evasion
                                D - +3 ring of intelligence

@: mighty, very slightly contaminated, wreathed by umbra, repel missiles
A: beak, hooves 1, repulsion field 1, deformed body, fire resistance 1, low mp
1, strong 1, subdued magic 1
a: Shadow Step, Shadow Form, Renounce Religion, Evoke Blink


You were on level 3 of the Elven Halls.
You worshipped Dithmenos.
Dithmenos was exalted by your worship.
You were not hungry.

You visited 5 branches of the dungeon, and saw 27 of its levels.
You also visited: Bailey and Volcano.

You collected 2886 gold pieces.
You spent 1123 gold pieces at shops.

Inventory:

Hand Weapons
 k - a +2 dagger of speed (weapon)
 s - a +0 rapier of electrocution
 T - a +0 blowgun
 Y - a +1 double sword of slicing
Missiles
 v - 806 stones
 E - 16 curare-tipped needles
 L - a throwing net (quivered)
Armour
 q - a +0 cloak (worn)
 w - a +0 buckler (worn)
 H - a +0 pair of boots (worn)
 J - a +2 pair of gloves (worn)
 V - a +2 hat (worn)
 Z - a +2 robe of the Archmagi (worn)
Jewellery
 a - an uncursed ring of poison resistance
 e - a +5 ring of strength {unknown}
 r - the amulet "Pounas" (around neck) {Spirit Fragile +Blink MR+++ Stlth+}
   (You found it on level 9 of the Dungeon)

   [amulet of guardian spirit]

   It causes incoming damage to be split between your health and magic.
   It affects your resistance to hostile enchantments.
   It lets you blink.
   It will be destroyed if unequipped.
   It makes you more stealthy.
 z - a +3 ring of evasion (right hand)
 D - a +3 ring of intelligence (left hand)
 F - an uncursed ring of wizardry
Wands
 c - a wand of digging (7/24)
 S - a wand of teleportation (7/9)
Scrolls
 i - a scroll of holy word
 n - 5 scrolls of identify
 o - 3 scrolls of fog
 u - a scroll of acquirement
 y - a scroll of silence
 A - 3 scrolls of fear
 C - 9 scrolls of amnesia
 G - 9 scrolls of remove curse
 P - 5 scrolls of magic mapping
 Q - 5 scrolls of enchant weapon
 U - 4 scrolls of recharging
 W - 2 scrolls of vulnerability
Potions
 f - a potion of cancellation
 l - 5 potions of haste
 p - a potion of mutation
 I - 9 potions of brilliance
 K - a potion of agility
 M - 3 potions of flight
 R - 5 potions of resistance
 X - 2 potions of curing
Books
 t - a book of Enchantments

   Spells                             Type                      Level
   a - Cause Fear                     Hexes                        4
   b - Yara's Violent Unravelling     Hexes/Transmutation          5
   c - Silence                        Hexes/Air                    5
   d - Deflect Missiles               Charms/Air                   6
   e - Haste                          Charms                       6
   f - Discord                        Hexes                        8
Comestibles
 b - 7 beef jerkies
 d - 9 bread rations
 h - 5 slices of pizza
 j - 8 fruits
 m - 11 meat rations
 x - 3 chunks of flesh
 B - a royal jelly


   Skills:
 - Level 11.0 Fighting
 - Level 10.0 Short Blades
 - Level 12.3 Dodging
 - Level 16.0 Stealth
 - Level 4.0 Shields
 - Level 15.0 Spellcasting
 + Level 15.7 Hexes
 - Level 6.1 Necromancy
 - Level 6.0 Transmutations
 - Level 12.0 Earth Magic
 - Level 10.1 Invocations


You had 6 spell levels left.
You knew the following spells:

 Your Spells              Type           Power        Failure   Level  Hunger
a - Repel Missiles        Chrm/Air       ###...       3%          2    None
b - Blink                 Tloc           N/A          3%          2    None
c - Invisibility          Hex            #######.     1%          6    ####...
d - Mephitic Cloud        Conj/Pois/Air  ###.....     8%          3    None
e - Petrify               Tmut/Erth      ######..     1%          4    None
f - Lee's Rapid Deconstr  Erth           #######...   1%          5    #......
g - Sandblast             Erth           ######       0%          1    None
h - Magic Dart            Conj           ###.         1%          1    None
i - Summon Butterflies    Summ           ###.....     1%          1    None
j - Apportation           Tloc           ###.......   1%          1    None
k - Confusing Touch       Hex            ######       0%          1    None
l - Confuse               Hex            #######.     0%          3    None
m - Dazzling Spray        Conj/Hex       ######       1%          3    None
q - Sublimation of Blood  Necr           ######....   1%          2    None
v - Passwall              Tmut/Erth      ######....   1%          2    None
w - Tukima's Dance        Hex            #######.     0%          3    None


Dungeon Overview and Level Annotations

Branches:
Dungeon (15/15)            Temple (1/1) D:7            Lair (6/6) D:9
  Swamp (0/4) Lair:3        Snake (0/4) Lair:2        Slime (0/5) Lair:5
    Orc (2/2) D:11            Elf (3/3) Orc:2        Vaults (0/5) D:14
 Depths (0/5) D:15

Altars:
Ashenzari
Cheibriados
Dithmenos
Elyvilon
Fedhas
Gozag
Hepliaklqana
Kikubaaqudgha
Makhleb
Nemelex Xobeh
Okawaru
Qazlal
Ru
Sif Muna
Trog
Uskayaw
Vehumet
Xom
Yredelemnul
Zin
The Shining One
Beogh
Jiyva

Shops:
D:6 :   D:10 *   D:14 [   Orc:2 :(*[   Elf:1 =}=*   Elf:2 }

Annotations:
D:12 1 runed door
D:13 exclusion: downstairs
Lair:1 wazuzu's ghost, novice HOFi
Lair:2 Ruebezahl's ghost, journeyman MiFi


Innate Abilities, Weirdness & Mutations

You have a beak for a mouth.
You have large cloven feet.
You are surrounded by a mild repulsion field. (EV +2)
Armour fits poorly on your strangely shaped body.
Your flesh is heat resistant. (rF+)
Your magical capacity is low. (-10% MP)
Your muscles are strong. (Str +2)
Your spells are a little easier to cast, but a little less powerful.


Message History

Blink to where?
Press: ? - help, Dir - move target cursor
As you read the scroll of blinking, it crumbles to dust.
The deep elf high priest starts to sing a prayer.
The deep elf high priest misses you.
The deep elf high priest completely misses you.
You hit the deep elf high priest but do no damage.
You peck the deep elf high priest.
The deep elf high priest is lightly wounded.
Your shadow hits the deep elf high priest but does no damage.
You feel a little less agile now.
You barely miss the deep elf high priest.
The deep elf high priest is lightly wounded.
Your shadow hits the deep elf high priest but does no damage.
You hit the deep elf high priest.
The deep elf high priest is lightly wounded.
Your shadow barely misses the deep elf high priest.
The deep elf high priest utters a dark prayer and points at you.
Your life force is offered up.
You die...

#)(# #...#..# #.§# #...#..#
####§(####################...#..#
.(.#(........['.............###'#
.(.).).e......#.....)......##...#
...#.....§....#...........##.....
############'#######'######......
...........)..............'......
................@e........#......
################''##########.....
≈≈≈≈≈≈≈≈≈≈≈≈≈≈≈≈.)≈≈≈≈≈≈≈≈≈##...#
≈≈≈≈≈≈≈≈≈≈≈≈§§≈≈..≈≈≈≈≈≈≈≈≈≈#####
............§..)........(.≈≈≈≈≈≈≈
..............(.............≈≈≈≈≈
.........)...(.......()..........
............(..........(((.......
######.#######.#####.#####(#####.


You could see a deep elf high priest.

Vanquished Creatures
  Saint Roka (Orc:2)
  2 deep elf blademasters
  2 deep elf master archers (Elf:3)
  Kirke (D:12)
  Gastronok (Lair:3)
  3 deep elf sorcerers
  3 orc warlords
  2 deep elf elementalists
  A stone giant (Orc:2)
  3 deep elf demonologists (Elf:3)
  Azrael (D:15)
  Nessos (D:13)
  7 deep elf annihilators (Elf:3)
  2 ettins (Orc:2)
  Snorg (D:12)
  2 deep elf death magi (Elf:3)
  4 deep elf high priests
  Fannar (D:12)
  4 catoblepae (Lair:6)
  9 hydras
  11 death yaks (Lair:6)
  33 dancing weapons
  A centaur warrior (D:13)
  Urug (D:12)
  Sonja (Lair:4)
  13 deep elf knights
  10 deep elf archers
  Pikel (D:7)
  4 hill giants
  56 deep elf magi
  7 orc knights
  2 wizards
  2 wolf spiders
  8 orc sorcerers
  2 manticores
  3 ugly things
  4 cyclopes
  10 black mambas
  A gargoyle (D:12)
  A centaur zombie (D:13)
  4 centaur skeletons
  3 rime drakes
  9 spiny frogs
  A freezing wraith (D:15)
  A yaktaur (D:15)
  5 komodo dragons
  9 trolls
  14 blink frogs
  2 two-headed ogres
  6 dream sheep (Lair:6)
  8 hippogriffs
  An air elemental (Elf:1)
  2 shadows
  A vampire (D:14)
  2 tarantellas (Orc:1)
  3 water elementals
  2 hungry ghosts
  6 hogs (D:12)
  A wyvern (Lair:4)
  5 fire elementals
  16 humans
  36 yaks
  A basilisk (Lair:5)
  3 steam dragons
  15 vampire mosquitoes
  4 mottled dragons
  6 wargs
  A hell hound (D:15)
  23 water moccasins
  Duvessa (D:7)
  12 porcupines
  4 slaves (D:7)
  8 ice beasts
  51 orc warriors
  8 sky beasts
  2 black bears
  A necrophage (D:12)
  4 phantoms
  The ghost of Ruebezahl the Covered, an amateur MiFi (D:3)
  3 wasps
  3 eyes of draining
  11 wolves
  17 ogres
  6 centaurs
  14 crocodiles
  Blork the orc (Orc:2)
  7 big kobolds
  13 bullfrogs
  A gnoll sergeant (Orc:2)
  A water moccasin zombie (D:10)
  Dowan (D:7)
  A wyvern skeleton (D:12)
  2 scorpions
  14 wights
  6 killer bees (D:13)
  4 howler monkeys
  2 electric eels
  6 crimson imps
  2 bullfrog zombies
  6 hounds
  8 jellies
  A gnoll shaman (D:7)
  10 iguanas
  19 orc priests
  22 orc wizards
  Crazy Yiuf (D:5)
  4 bullfrog skeletons
  14 worker ants
  2 hound skeletons
  Robin (D:2)
  A howler monkey skeleton (D:11)
  A worker ant zombie (D:3)
  4 gnolls
  17 adders
  59 river rats
  2 shadow imps
  An ooze (D:4)
  An adder zombie (D:7)
  2 worms
  3 dart slugs
  4 leopard geckos
  112 orcs
  12 bats
  7 giant cockroaches
  16 goblins
  12 hobgoblins
  15 jackals
  5 quokkas
  3 ball pythons (D:1)
  5 frilled lizards
  47 kobolds
  A quokka skeleton (D:4)
  A quokka zombie (D:9)
  9 rats
  3 fungi
1050 creatures vanquished.

Vanquished Creatures (others)
  A deep elf sorcerer (Elf:3)
  A hill giant (D:14)
  A bullfrog zombie (D:5)
  An iguana (D:5)
  30 fungi
  8 plants
42 creatures vanquished.

Grand Total: 1092 creatures vanquished

Notes
Turn   | Place    | Note
-------+----------+-------------------------------------------
     0 | D:1      | Amnesiac the Deep Elf Earth Elementalist began the quest for the Orb.
     0 | D:1      | Reached XP level 1. HP: 10/10 MP: 6/6
   147 | D:2      | Reached XP level 2. HP: 15/15 MP: 6/8
   151 | D:2      | Learned a level 2 spell: Passwall
   270 | D:3      | Reached XP level 3. HP: 12/19 MP: 7/10
   407 | D:3      | Noticed Ruebezahl's ghost (amateur MiFi)
   451 | D:3      | Reached skill level 5 in Earth Magic
   451 | D:3      | Reached XP level 4. HP: 21/24 MP: 9/11
   467 | D:3      | Learned a level 4 spell: Petrify
   868 | D:4      | Noticed a phantom
   877 | D:4      | Killed a phantom
   877 | D:4      | Reached XP level 5. HP: 19/28 MP: 6/13
   957 | D:4      | Learned a level 5 spell: Lee's Rapid Deconstruction
   975 | D:4      | Noticed an ogre
   978 | D:4      | Killed an ogre
  1013 | D:4      | Reached XP level 6. HP: 32/32 MP: 10/14
  1501 | D:5      | Entered Level 5 of the Dungeon
  1727 | D:5      | Noticed a sky beast
  1764 | D:5      | Killed a sky beast
  1764 | D:5      | Reached skill level 3 in Stealth
  1764 | D:5      | Reached XP level 7. HP: 27/36 MP: 0/15
  1868 | D:5      | Reached skill level 4 in Stealth
  2036 | D:5      | Reached skill level 5 in Spellcasting
  2065 | D:6      | Found Soepafae's Book Shop.
  2139 | D:5      | Found a runed door.
  2747 | D:5      | Reached skill level 5 in Transmutations
  2773 | D:5      | Reached XP level 8. HP: 41/41 MP: 15/19
  3318 | D:5      | Noticed Crazy Yiuf
  3322 | D:5      | Killed Crazy Yiuf
  3568 | D:6      | Reached skill level 5 in Dodging
  3939 | D:6      | Reached skill level 5 in Stealth
  4369 | D:6      | Reached skill level 6 in Stealth
  4520 | D:7      | Noticed Pikel
  4522 | D:7      | Killed Pikel
  4522 | D:7      | Reached XP level 9. HP: 45/45 MP: 18/20
  4596 | D:7      | Noticed Duvessa
  4600 | D:7      | Noticed Dowan
  4606 | D:7      | Killed Duvessa
  4608 | D:7      | Killed Dowan
  5011 | D:7      | Found a staircase to the Ecumenical Temple.
  5021 | Temple   | Entered the Ecumenical Temple
  5113 | Temple   | Became a worshipper of Dithmenos the Shadowed
  5301 | D:3      | Reached skill level 7 in Stealth
  5634 | D:1      | Reached * piety under Dithmenos
  6272 | D:2      | Found a faded altar of an unknown god.
  6338 | D:2      | Noticed Robin
  6365 | D:2      | Killed Robin
  7025 | D:3      | Killed Ruebezahl's ghost
  7104 | D:3      | Reached ** piety under Dithmenos
  7681 | D:7      | Gained mutation: You have a pair of small antennae on your head. [mutagenic meat]
  7684 | D:7      | Gained mutation: You have supernaturally acute eyesight. (SInv) [mutagenic meat]
  7687 | D:7      | Gained mutation: You are covered in fur. (AC +1) [mutagenic meat]
  7693 | D:7      | Gained mutation: You are surrounded by a mild repulsion field. (EV +2) [mutagenic meat]
  8545 | D:8      | Gained mutation: You have sharp fingernails. [potion of mutation]
  8545 | D:8      | Gained mutation: Potions and wands are less effective at restoring your health. [potion of mutation]
  8546 | D:8      | Gained mutation: You are occasionally teleported next to monsters. [potion of mutation]
  8546 | D:8      | Lost mutation: You have a pair of small antennae on your head. [potion of mutation]
  8546 | D:8      | Gained mutation: You expend magic power (3 MP) to strengthen your wands. [potion of mutation]
  8547 | D:8      | Lost mutation: You expend magic power (3 MP) to strengthen your wands. [potion of cure mutation]
  8547 | D:8      | Lost mutation: Potions and wands are less effective at restoring your health. [potion of cure mutation]
  8547 | D:8      | Lost mutation: You are occasionally teleported next to monsters. [potion of cure mutation]
  8547 | D:8      | Lost mutation: You are covered in fur. (AC +1) [potion of cure mutation]
  8547 | D:8      | Lost mutation: You have sharp fingernails. [potion of cure mutation]
  9286 | D:9      | Reached XP level 10. HP: 50/50 MP: 5/21
  9396 | D:9      | Reached *** piety under Dithmenos
  9414 | D:9      | Found a glowing silver altar of Zin.
  9415 | D:9      | Found a deep blue altar of Sif Muna.
  9417 | D:9      | Found an opulent altar of Gozag.
  9418 | D:9      | Found a shattered altar of Ashenzari.
  9518 | D:9      | Found an ancient bone altar of Kikubaaqudgha.
  9518 | D:9      | Found a radiant altar of Vehumet.
  9518 | D:9      | Found a sacrificial altar of Ru.
  9520 | D:9      | Found a stormy altar of Qazlal.
  9527 | D:9      | Found a shimmering altar of Xom.
  9528 | D:9      | Found a burning altar of Makhleb.
  9530 | D:9      | Found a basalt altar of Yredelemnul.
 10022 | D:9      | Reached skill level 1 in Fighting
 10075 | D:9      | Found a staircase to the Lair.
 10173 | D:9      | Got a flickering tin amulet
 10206 | D:9      | Reached **** piety under Dithmenos
 10235 | D:10     | Entered Level 10 of the Dungeon
 10259 | D:10     | Found Ifeunuxo's General Store.
 10287 | D:10     | Noticed a catoblepas
 10733 | D:10     | Noticed a hill giant
 10963 | D:10     | Identified the amulet "Pounas" {Spirit Fragile +Blink MR+++ Stlth+} (You found it on level 9 of the Dungeon)
 11212 | D:10     | Killed a hill giant
 11294 | D:10     | Reached skill level 8 in Stealth
 11392 | D:10     | HP: 2/56 [something/blast of calcifying dust (4)]
 11408 | D:10     | HP: 1/56 [catoblepas (10)]
 12542 | D:10     | Noticed a hill giant
 12550 | D:10     | Killed a hill giant
 12896 | D:11     | Reached XP level 11. HP: 60/60 MP: 6/22
 13148 | D:11     | Found a flagged portal.
 13180 | Bailey   | Entered a bailey
 13185 | Bailey   | Noticed an orc warlord
 13283 | Bailey   | Found a runed gate.
 13283 | Bailey   | Found a runed gate.
 13284 | Bailey   | Found a runed gate.
 13483 | Bailey   | Reached skill level 9 in Stealth
 13710 | Bailey   | Killed an orc warlord
 13839 | Bailey   | Got a twisted great sword
 13847 | D:11     | Identified the cursed +0 great sword of Wuvuykk {slice, Fragile Dex+4} (You found it in a bailey)
 13855 | D:11     | Reached skill level 10 in Short Blades
 13855 | D:11     | Reached skill level 11 in Stealth
 13855 | D:11     | Reached skill level 10 in Earth Magic
 13855 | D:11     | Reached XP level 12. HP: 64/64 MP: 22/25
 13856 | D:11     | Gained mutation: You are partially covered in molten scales. (AC +2) [potion of beneficial mutation]
 14507 | D:11     | Found a staircase to the Orcish Mines.
 15139 | D:11     | Gained mutation: Your mind is acute. (Int +2) [mutagenic meat]
 15142 | D:11     | Gained mutation: Your muscles are strong. (Str +2) [mutagenic meat]
 15145 | D:11     | Lost mutation: Your mind is acute. (Int +2) [mutagenic meat]
 15148 | D:11     | Gained mutation: Armour fits poorly on your strangely shaped body. [mutagenic meat]
 15151 | D:11     | Lost mutation: You have supernaturally acute eyesight. (SInv) [mutagenic meat]
 15154 | D:11     | Gained mutation: Your flesh is heat resistant. (rF+) [mutagenic meat]
 15181 | D:11     | Reached skill level 12 in Stealth
 15194 | D:11     | Gained mutation: Your mind is acute. (Int +2) [mutagenic meat]
 15197 | D:11     | Gained mutation: You have large cloven feet. [mutagenic meat]
 15474 | D:12     | Reached ***** piety under Dithmenos
 15536 | D:12     | Gained mutation: Your magical capacity is low. (-10% MP) [mutagenic meat]
 15542 | D:12     | Gained mutation: Your spells are a little easier to cast, but a little less powerful. [mutagenic meat]
 15545 | D:12     | Lost mutation: You are partially covered in molten scales. (AC +2) [mutagenic meat]
 15548 | D:12     | Lost mutation: Your mind is acute. (Int +2) [mutagenic meat]
 15604 | D:12     | Noticed Fannar
 15623 | D:12     | Killed Fannar
 15899 | D:12     | Noticed Urug
 16133 | D:12     | Killed Urug
 16231 | D:12     | Noticed Kirke
 16233 | D:12     | Noticed Snorg
 16261 | D:12     | Reached skill level 5 in Fighting
 16467 | D:12     | Killed Kirke
 16498 | D:12     | Killed Snorg
 16509 | D:12     | Reached XP level 13. HP: 76/76 MP: 4/23
 16651 | D:12     | Found a runed door.
 16652 | D:12     | Found a glowing golden altar of the Shining One.
 16652 | D:12     | Noticed an angel
 16680 | D:12     | Learned a level 2 spell: Repel Missiles
 16684 | D:12     | Learned a level 2 spell: Blink
 16688 | D:12     | Learned a level 3 spell: Mephitic Cloud
 16691 | D:12     | Learned a level 2 spell: Sublimation of Blood
 16693 | D:12     | Learned a level 1 spell: Magic Dart
 17512 | D:13     | Noticed Nessos
 17537 | D:13     | Killed Nessos
 18103 | D:14     | Found a gate to the Vaults.
 18367 | D:14     | Found Dargh's Armour Shoppe.
 18461 | D:14     | Reached skill level 13 in Stealth
 18522 | D:14     | HP: 3/80 [troll (11)]
 19420 | D:14     | Reached ****** piety under Dithmenos
 19420 | D:14     | Reached skill level 5 in Necromancy
 19926 | D:15     | Entered Level 15 of the Dungeon
 20093 | D:15     | Noticed Azrael
 20095 | D:15     | Found a staircase to the Depths.
 20095 | D:15     | Noticed a fire giant
 20127 | D:15     | Killed Azrael
 20706 | D:15     | Reached skill level 10 in Spellcasting
 21077 | D:15     | Reached XP level 14. HP: 78/86 MP: 1/28
 21800 | D:15     | Found a deep blue altar of Sif Muna.
 21960 | D:12     | Learned a level 1 spell: Sandblast
 22537 | Orc:1    | Entered Level 1 of the Orcish Mines
 22658 | Orc:1    | Noticed an orc warlord
 22808 | Orc:1    | Killed an orc warlord
 22904 | Orc:1    | Found a dark tunnel.
 22957 | Volcano  | Entered a volcano
 23564 | Orc:1    | Found a roughly hewn altar of Beogh.
 23844 | Orc:2    | Entered Level 2 of the Orcish Mines
 24254 | Orc:1    | Reached skill level 14 in Stealth
 24361 | Orc:2    | Found Eruannef's Antique Armour Boutique.
 24369 | Orc:2    | Bought a distressingly furry robe for 136 gold pieces
 24380 | Orc:2    | Identified the +1 robe "Limnethi" {Stlth+} (You bought it in a shop on level 2 of the Orcish Mines)
 24401 | Orc:2    | Noticed Blork the orc
 24411 | Orc:2    | Killed Blork the orc
 24436 | Orc:2    | Noticed a stone giant
 24546 | Orc:2    | Killed a stone giant
 24560 | Orc:2    | Reached skill level 15 in Stealth
 24776 | Orc:2    | Noticed Saint Roka
 25496 | Orc:2    | Found Meutuxko's General Store.
 25731 | Orc:2    | Reached skill level 16 in Stealth
 25734 | Orc:2    | Noticed an orc warlord
 25748 | Orc:2    | Killed an orc warlord
 26027 | Orc:2    | Killed Saint Roka
 26027 | Orc:2    | Reached skill level 10 in Dodging
 26384 | Orc:2    | Bought a potion of heal wounds for 75 gold pieces
 26409 | Orc:2    | Found Syuph's Book Boutique.
 26474 | Orc:2    | Found Aschoicu's Antique Weapon Emporium.
 26617 | Orc:2    | Found a staircase to the Elven Halls.
 26944 | Elf:1    | Entered Level 1 of the Elven Halls
 27291 | Elf:1    | Reached XP level 15. HP: 90/90 MP: 19/29
 27542 | Elf:1    | Found Sesexaowk's Jewellery Shoppe.
 27542 | Elf:1    | Found Vaosch's Gadget Boutique.
 27543 | Elf:1    | Found Yklilirch's Jewellery Shoppe.
 27563 | Elf:1    | Found Womab's Assorted Antiques.
 27628 | Elf:1    | Bought a scroll labeled ESKYTO RUEMELU for 42 gold pieces
 27659 | Elf:1    | Reached skill level 1 in Shields
 28497 | Elf:1    | Noticed a deep elf sorcerer
 28728 | Elf:1    | Killed a deep elf sorcerer
 28923 | Elf:1    | Reached skill level 10 in Fighting
 29549 | Elf:2    | Found Warhea Masie's Gadget Shoppe.
 29572 | Elf:2    | Reached skill level 1 in Invocations
 29583 | Elf:3    | Entered Level 3 of the Elven Halls
 30043 | Elf:3    | Noticed a deep elf master archer
 30043 | Elf:3    | Noticed a deep elf sorcerer
 30043 | Elf:3    | Noticed a deep elf blademaster
 30044 | Elf:3    | Reached skill level 5 in Invocations
 30359 | Elf:2    | HP: 4/93 [battleaxe of chopping (1)]
 31075 | Orc:2    | Bought a book of Party Tricks for 650 gold pieces
 31430 | D:6      | Bought a book of Misfortune for 220 gold pieces
 31484 | Lair:1   | Entered Level 1 of the Lair of Beasts
 31757 | Lair:1   | Reached XP level 16. HP: 79/98 MP: 6/30
 31905 | Lair:1   | Noticed wazuzu's ghost (novice HOFi)
 31940 | Lair:2   | Noticed Ruebezahl's ghost (journeyman MiFi)
 32734 | Lair:2   | Found a staircase to the Snake Pit.
 32997 | Lair:2   | Reached skill level 10 in Invocations
 33440 | Lair:3   | Learned a level 1 spell: Summon Butterflies
 33442 | Lair:3   | Learned a level 1 spell: Apportation
 33444 | Lair:3   | Learned a level 1 spell: Confusing Touch
 33451 | Lair:3   | Learned a level 6 spell: Invisibility
 33499 | Lair:3   | Reached skill level 1 in Hexes
 33600 | Lair:3   | Noticed Gastronok
 33640 | Lair:3   | Killed Gastronok
 33771 | Lair:3   | Found a staircase to the Swamp.
 33919 | Lair:3   | Reached skill level 5 in Hexes
 34773 | Lair:4   | Noticed Sonja
 34784 | Lair:4   | Killed Sonja
 35381 | Lair:5   | Found a viscous altar of Jiyva.
 35381 | Lair:5   | Found a staircase to the Slime Pits.
 35782 | Lair:5   | Gained mutation: You have a beak for a mouth. [potion of beneficial mutation]
 36243 | Lair:6   | Entered Level 6 of the Lair of Beasts
 36329 | Lair:6   | Learned a level 3 spell: Confuse
 36333 | Lair:6   | Learned a level 3 spell: Dazzling Spray
 36446 | Lair:6   | Identified a scroll of acquirement
 36824 | Lair:6   | Learned a level 3 spell: Tukima's Dance
 38451 | Elf:2    | Found a deep blue altar of Sif Muna.
 38489 | Elf:2    | Found a huge runed gate.
 38489 | Elf:2    | Found a huge runed gate.
 38489 | Elf:2    | Found a huge runed gate.
 38492 | Elf:2    | Found a huge runed gate.
 38494 | Elf:2    | Found a huge runed gate.
 38726 | Elf:2    | Reached skill level 15 in Spellcasting
 39035 | Elf:2    | Reached XP level 17. HP: 104/104 MP: 34/34
 39134 | Elf:2    | Noticed a deep elf blademaster
 39150 | Elf:2    | Killed a deep elf blademaster
 39150 | Elf:2    | Reached skill level 10 in Hexes
 40789 | Elf:3    | Noticed a deep elf master archer
 40821 | Elf:3    | Killed a deep elf master archer
 41308 | Elf:3    | Killed a deep elf master archer
 41308 | Elf:3    | Reached skill level 15 in Hexes
 41340 | Elf:3    | Noticed a deep elf blademaster
 41343 | Elf:3    | Killed a deep elf blademaster
 41454 | Elf:3    | Killed from afar by a deep elf high priest

Vault maps used:
D:1:      onia_arrival_handbag, serial_bayou_lagoon_a
D:2:      ecumenical_altar_1, uniq_robin
D:5:      first_bread, lightli_sewer_entry_pipes, lemuel_old_faithful,
          uniq_crazy_yiuf_cottage
D:6:      serial_shops, shop
D:7:      grunt_ogre_cave, uniq_duvessa, uniq_pikel
D:9:      minitemple, lair_0_dummy
D:10:     serial_shops, shop, minmay_splitting_lines
D:11:     david_orc_1_choice, enter_bailey_2
D:12:     lemuel_angel_altar, uniq_urug, uniq_fannar, uniq_kirke, uniq_snorg
D:13:     serial_bayou_crossing, uniq_nessos
D:14:     david_vaults_3, serial_shops, nicolae_shop_statue_plus
D:15:     grunt_enter_depths_giant_problem, tgw_sif, minmay_unpleasant_kobolds,
          uniq_azrael
Temple:   zaba_magenta_temple
Lair:1:   serial_bayou_pond_a, beast_lair_carwin_10, infiniplex_staircase_pool_2
Lair:2:   minmay_snake_entry_six_corridors, lab_entry_generic, minivault_25
Lair:3:   swamp_mist_pool, uniq_gastronok
Lair:4:   grunt_megastairs_2, uniq_sonja
Lair:5:   slime_altar_1
Lair:6:   evilmike_catoblepas_cave
Orc:1:    nicolae_orc_accident_3, basic_altar, nicolae_volcano_entry_lava_flow
Orc:2:    grunt_orc_gardens, grunt_orc_garden, grunt_orc_garden,
          grunt_orc_garden, grunt_orc_garden, sword_in_stone, uniq_saint_roka
Elf:1:    eino_elf_arrival_customs, serial_shops, shop, hangedman_elf_represent,
          minmay_misc_feat_cross, hangedman_elven_ridges, st_stairs_4,
          billiards_dpeg, minmay_shop_grove
Elf:2:    basic_altar, serial_shops, shop, evilmike_surprise_oklob
Elf:3:    minmay_elf_hall_spiked, eino_tiny_chamber
Bailey:   bailey_axe_bossmonster_kennysheep, bailey
Volcano:  volcano_pools

Skill      XL: |  1  2  3  4  5  6  7  8  9 10 11 12 13 14 15 16 17 |
---------------+----------------------------------------------------+-----
Earth Magic    | 4 5 6 9 10 12 | 12.0
Spellcasting   | 4 6 7 11 12 15 | 15.0
Short Blades   | 2 4 6 7 9 10 | 10.0
Transmutations | 3 5 6 |  6.0
Stealth        | 3 4 6 7 8 11 12 13 16 | 16.0
Dodging        | 5 6 8 12 | 12.3
Fighting       | 3 7 9 10 11 | 11.0
Necromancy     | 6 |  6.1
Shields        | 4 |  4.0
Invocations    | 9 10 | 10.1
Hexes          | 9 15 | 15.7

Action                   |  1- 3 |  4- 6 |  7- 9 | 10-12 | 13-15 | 16-18 || total
-------------------------+-------+-------+-------+-------+-------+-------++-------
Melee: Dagger            |     1 |     5 |   395 |   352 |   801 |   672 ||  2226
       Short sword       |       |       |   132 |       |   106 |       ||   238
       Long sword        |       |       |    74 |       |       |       ||    74
       Peck              |       |       |       |       |       |    69 ||    69
 Fire: Blowgun           |       |       |       |       |     2 |       ||     2
Throw: Stone             |       |       |       |       |     1 |       ||     1
       Throwing net      |       |       |       |       |       |     2 ||     2
 Cast: Sandblast         |    29 |    40 |    36 |    56 |     1 |    83 ||   245
       Passwall          |     1 |     3 |    14 |    30 |    39 |    15 ||   102
       Petrify           |       |     5 |    74 |    89 |   298 |   110 ||   576
       Lee's Rapid Decon |       |       |     7 |    34 |   119 |    36 ||   196
       Sublimation of Bl |       |       |       |       |    11 |     8 ||    19
       Repel Missiles    |       |       |       |       |     2 |     3 ||     5
       Invisibility      |       |       |       |       |       |    17 ||    17
Invok: Shadow Step       |       |       |       |       |     4 |       ||     4
Evoke: Wand              |       |       |       |       |     1 |       ||     1
  Use: Scroll            |     3 |     2 |    11 |    19 |    18 |    11 ||    64
       Potion            |       |     1 |     6 |     4 |    14 |     7 ||    32
 Stab: Sleeping          |     1 |     2 |    40 |    33 |    88 |    76 ||   240
       Petrified         |       |     1 |    64 |    49 |   112 |    41 ||   267
       Petrifying        |       |     1 |     9 |    17 |   100 |    62 ||   189
       Distracted        |       |       |     2 |     2 |     1 |     4 ||     9
       Invisible         |       |       |       |       |     1 |    60 ||    61
       Paralysed         |       |       |       |       |     1 |       ||     1
  Eat: Chunk             |       |     4 |    42 |    46 |    60 |    34 ||   186
       Bread ration      |       |       |       |     2 |       |     1 ||     3
       Beef jerky        |       |       |       |       |     4 |       ||     4
       Fruit             |       |       |       |       |     1 |       ||     1
Armor: Robe              |     2 |     8 |    60 |    48 |    70 |    24 ||   212
Dodge: Dodged            |    11 |    30 |   364 |   366 |   788 |   446 ||  2005
       Deflected         |       |       |       |       |    14 |    12 ||    26
Block: Buckler           |       |       |       |       |    29 |   121 ||   150
